 Dungeon Crawl Stone Soup version 0.30-a0-728-gc68057be0a (webtiles) character file.

Game seed: 8871017054114543870

17 sircluck the Covered (level 2, 0/27 HPs)
             Began as an Armataur Fighter on Jan 31, 2023.
             Slain by a ball python (3 damage)
             ... on level 1 of the Dungeon.
             The game lasted 00:02:37 (1015 turns).

sircluck the Covered (Armataur Fighter)             Turns: 1015, Time: 00:02:37

Health: 0/27       AC:  7    Str: 21    XL:     2   Next: 44%
Magic:  2/2        EV:  7    Int:  8    God:
Gold:   17         SH:  4    Dex:  9    Spells: 1/1 levels left

rFire   . . .      SeeInvis .    a - +0 long sword
rCold   . . .      Faith    .    c - +0 buckler
rNeg    . . .      Spirit   .    b - +0 scale mail
rPois   .          Reflect  .    (no helmet)
rElec   .          Harm     .    (no cloak)
rCorr   .          Roll     +    (no gloves)
Will    .....                    (no barding) Stlth
                                 (no amulet)
HPRegen 0.24/turn                (no ring)
MPRegen 0.08/turn                (no ring)

@: no status effects
A: large, rugged brown scales 3, deformed body, armoured tail, roll, long
tongue, awkward tongue
a: no special abilities


You were on level 1 of the Dungeon.
You visited 1 branch of the dungeon, and saw 1 of its levels.

You collected 17 gold pieces.

Inventory:

Hand Weapons
 a - a +0 long sword (weapon)
Missiles
 g - 11 stones (quivered)
Armour
 b - a +0 scale mail (worn)
 c - a +0 buckler (worn)
Scrolls
 e - a scroll of identify {unknown}
 f - a scroll of poison {unknown}
 h - a scroll of teleportation {unknown}
Potions
 d - 2 potions of might


   Skills:
 + Level 3.0 Fighting
 + Level 2.0 Long Blades
 + Level 3.9 Armour
 + Level 0.1 Dodging
 + Level 3.4 Shields


You had one spell level left.
You didn't know any spells.
Your spell library contained the following spells:

 Spells                   Type           Power      Damage    Failure   Level
 Magic Dart               Conj           0%         1d3       82%         1
 Call Imp                 Summ           0%         N/A       91%         2
 Sublimation of Blood     Necr           0%         N/A       91%         2
 Wereblood                Tmut           0%         N/A       91%         2
 Mephitic Cloud           Conj/Pois/Air  0%         N/A       99%         3
 Summon Hydra             Summ           0%         N/A       100%        7


Dungeon Overview and Level Annotations

Branches:
Dungeon (1/15)

Altars:


Innate Abilities, Weirdness & Mutations

You are completely covered in rugged brown scales. (AC +3, +7% HP)
Armour fits poorly on your strangely shaped body.
You have a long armoured tail.
You roll when moving toward enemies. (Rampage)
Your long tongue fully drains potion bottles. (2x potion effects)
Your tongue gives you trouble enunciating. (1.5x scroll delay)


Message History

The ball python bites you.
* * * LOW HITPOINT WARNING * * *
You block the ball python's attack. The ball python bites you.
* * * LOW HITPOINT WARNING * * *
The ball python closely misses you.
The ball python bites you but does no damage.
The ball python barely misses you.
The ball python bites you but does no damage.
The ball python bites you but does no damage.
The ball python bites you.
* * * LOW HITPOINT WARNING * * *
The ball python closely misses you. You block the ball python's attack.
The ball python bites you but does no damage.
You block the ball python's attack.
The ball python bites you but does no damage. x2
The ball python bites you but does no damage.
The ball python bites you but does no damage.
The ball python bites you but does no damage.
The ball python bites you but does no damage.
The ball python bites you.
* * * LOW HITPOINT WARNING * * *
The ball python barely misses you.
The ball python bites you but does no damage.
The ball python bites you but does no damage.
The ball python bites you.
* * * LOW HITPOINT WARNING * * *
You block the ball python's attack. The ball python closely misses you. x2
You block the ball python's attack. You block the ball python's attack.
You block the ball python's attack.
The ball python bites you but does no damage.
The ball python bites you.
* * * LOW HITPOINT WARNING * * *
The ball python closely misses you. You block the ball python's attack.
The ball python closely misses you. The ball python bites you.
You die...

.........## .. #.........# ..
#..##....## #. #. #.#.#####.#
##. #.........# #.. ##
#.####.######### #.#.## ###
#......## #.##..#.# #..
#####.S.## #.##..## #.##
##..@..## ##...... #..##
##.....[.## ##....###
##...####.........####...#.###
#.....).'.........'...........
##...####.........####.....###
#...# ##.......## ##..#####
###.# ##.....## #....... #.#
##...## #.###### #.# ##+## #.#


You could see a ball python.

Vanquished Creatures
  2 ball pythons (D:1)
  4 bats (D:1)
  2 giant cockroaches (D:1)
  2 hobgoblins (D:1)
  A quokka (D:1)
  2 goblins (D:1)
  A kobold (D:1)
  2 rats (D:1)
16 creatures vanquished.

Notes
Turn   | Place    | Note
-------+----------+-------------------------------------------
     0 | D:1      | sircluck the Armataur Fighter began the quest for the Orb.
     0 | D:1      | Reached XP level 1. HP: 19/19 MP: 1/1
   348 | D:1      | Reached XP level 2. HP: 27/27 MP: 2/2
  1015 | D:1      | Slain by a ball python

Illustrated notes

Levels and vault maps discovered:
D:1:      pf_arrival_petrified_forest, layout_loops_corners,
          wander_ebering_terrifying_dragon_lair

Skill      XL: |  1  2 |
---------------+-------+-----
Fighting       | 3 |  3.0
Long Blades    | 2 |  2.0
Armour         | |  3.9
Dodging        | |  0.1
Shields        | |  3.4

Action                     || total
---------------------------++-------
  Melee: Long sword        ||    58
         Tailslap          ||     3
 Armour: Scale mail        ||   284
  Dodge: Dodged            ||   172
  Block: Buckler           ||    86

Table legend: (Time is in decaauts)
 A = Elapsed time spent in this place.
 B = Non-inter-level travel time spent in this place.
 C = Inter-level travel time spent in this place.
 D = Time resting spent in this place.
 E = Time spent auto-exploring this place.
 F = Levels seen in this place.
 G = Mean time per level.
                   A        B        C        D        E       F      G
               +--------+--------+--------+--------+--------+-----+--------+
         Total |   1034 |   1034 |      0 |      0 |    119 |   1 | 1034.0 |
       Dungeon |   1034 |   1034 |      0 |      0 |    119 |   1 | 1034.0 |
               +--------+--------+--------+--------+--------+-----+--------+

Top non-repeatable levels by time:
     D:1: 1034 daAuts
